Map: King's Cove LE

Players

llllllllllll - Winner!

  • Race: Protoss Protoss
  • League: Grandmaster
  • Spawn Location: 5:00

Moja

  • Race: Terran Terran
  • League: Grandmaster
  • Spawn Location: 11:00

VOD

Have the link to the VOD?

Description

Time

  • Played on: April 9, 2025, 5:26 p.m.
  • Length: 5:24
Show
View Real Time Build Order
Export as new Build Order

llllllllllll Protoss - Winner!

Build Orders: 1 Gate Expand, Blink Stalkers 

Get SALT Encoding   

  12  0:00  Probe  
  13  0:12  Probe  
  14  0:18  Pylon  
  14  0:24  Probe  
  15  0:32  Probe  
  15  0:37  Gateway  
  15  0:40  Probe  
  16  0:46  Assimilator  
  17  0:51  Probe  
  18  1:03  Probe  
  19  1:15  Probe  
  20  1:24  Cybernetics Core  
  20  1:36  Nexus  
  20  1:38  Probe  
  21  1:46  Pylon  
  21  1:51  Probe  
  22  1:55  Assimilator, Adept  
  22  2:01  Probe  
  22  2:07  Warp Gate  
  25  2:09  Probe  
  26  2:17  Probe  
  27  2:24  Twilight Council  
  27  2:30  Adept  
  27  2:33  Probe  
  30  2:45  Probe  
  30  2:46  Probe  
  30  2:47  Shield Battery  
  30  2:50  Blink  
  32  2:54  Probe  
  32  2:57  Shield Battery  
  34  2:58  Probe  
  34  3:05  Probe  
  34  3:12  Probe  
  36  3:15  Sentry  
  36  3:19  Probe  
  39  3:24  Probe  
  40  3:27  Gateway  
  40  3:32  Gateway  
  40  3:36  Probe x2  
  40  3:39  Stalker  
  44  3:48  Probe x2  
  45  4:04  Probe  
  46  4:18  Robotics Facility  
  46  4:19  Pylon  
  46  4:20  Nexus  
  46  4:22  Pylon  
  46  4:27  Pylon  
  46  4:37  Probe  
  47  4:40  Gateway  
  47  4:43  Stalker x2  
  47  4:44  Stalker  
  53  4:48  Gateway  
  53  4:53  Gateway  
  53  4:57  Shield Battery  
Show
View Real Time Build Order
Export as new Build Order

Moja Terran 

Build Orders: Gas First Reaper Expand, Liberator Opening 

Get SALT Encoding   

  12  0:00  SCV  
  13  0:12  SCV  
  14  0:17  Supply Depot  
  14  0:24  SCV  
  15  0:28  Refinery  
  15  0:39  SCV  
  16  0:45  Barracks  
  16  0:51  SCV  
  17  1:03  SCV  
  18  1:15  SCV  
  19  1:32  Orbital Command, Reaper  
  20  1:47  Command Center  
  20  1:55  Factory  
  20  1:58  SCV  
  21  2:06  Barracks Reactor  
  21  2:10  SCV  
  21  2:13  Supply Depot  
  22  2:17  Refinery  
  22  2:23  SCV  
  23  2:35  SCV  
  24  2:43  Starport  
  24  2:46  Hellion x2  
  24  2:47  SCV  
  29  2:59  SCV  
  29  3:02  Orbital Command  
  30  3:11  Marine x2  
  32  3:13  SCV  
  32  3:14  Widow Mine  
  32  3:19  Medivac  
  37  3:25  SCV  
  38  3:27  SCV  
  38  3:30  Supply Depot  
  38  3:33  Marine x2  
  41  3:36  Widow Mine  
  41  3:38  SCV  
  44  3:44  SCV  
  43  3:51  SCV  
  43  3:52  Marine x2  
  43  3:53  Liberator  
  47  3:56  SCV  
  47  4:01  Factory Tech Lab  
  47  4:04  SCV  
  47  4:06  Supply Depot  
  47  4:08  SCV  
  49  4:10  Marine x2  
  51  4:23  Supply Depot  
  52  4:25  Siege Tank  
  52  4:27  SCV x2, Marine  
  52  4:28  Marine  
  58  4:34  Supply Depot  
  58  4:40  SCV x2  
  60  4:45  Marine  
  60  4:46  Marine  
  60  4:52  SCV x2  
  64  4:56  Command Center  
  67  5:03  Marine x2  
  67  5:04  Supply Depot, SCV x2  
Tags
 
Add a new tag
Caveats
  • Supply blocks, unpowered buildings, or Contaminate may cause inaccurate times.
  • Supply counts are checked every 10 seconds.